 Dungeon Crawl Stone Soup version 0.29-a0-284-gf9362112df (webtiles) character file.

Game seed: 3859590083025009777

2384 siradein the Ruffian (level 9, -1/89 HPs)
             Began as a Troll Fighter on Mar 25, 2022.
             Was an Initiate of Ru.
             Slain by an orc warrior
             ... wielding a +2 vorpal battleaxe
              (16 damage)
             ... on level 6 of the Dungeon.
             The game lasted 00:13:07 (4968 turns).

siradein the Ruffian (Troll Fighter)                Turns: 4968, Time: 00:13:08

Health: -1/89      AC:  4    Str: 28    XL:     9   Next: 22%
Magic:  8/8        EV: 11    Int:  4    God:    Ru [......]
Gold:   149        SH: 10    Dex: 17    Spells: 8/8 levels left

rFire   + . .      SeeInvis .     - Unarmed
rCold   . . .      Faith    .   b - +0 kite shield
rNeg    . . .      Spirit   .   a - +0 robe
rPois   .          Reflect  .   (helmet restricted)
rElec   .          Harm     .   (no cloak)
rCorr   .          Rampage  .   (gloves unavailable)
Will    .....                   (boots unavailable)
Stlth   ++........              (no amulet)
HPRegen 1.04/turn               e - +6 ring of dexterity
MPRegen 0.11/turn               q - ring of protection from fire

@: no status effects
A: large, unfitting armour, claws 3, regeneration 1, shaggy fur 1, tough skin 1
a: Renounce Religion


You were on level 6 of the Dungeon.
You worshipped Ru.
Ru was noncommittal.
You visited 2 branches of the dungeon, and saw 7 of its levels.

You collected 177 gold pieces.
You spent 28 gold pieces at shops.

Inventory:

Missiles
 v - 15 poisoned darts (quivered)
Armour
 a - a +0 robe (worn)
 b - a +0 kite shield (worn)
Jewellery
 e - a +6 ring of dexterity (left claw)
 q - a ring of protection from fire (right claw)
 w - a ring of magical power
Scrolls
 d - 4 scrolls of enchant armour
 g - 2 scrolls of fear
 i - a scroll of immolation
 l - 2 scrolls of fog
 s - a scroll of magic mapping
 u - 3 scrolls of teleportation {unknown}
 x - a scroll of holy word {unknown}
 z - a scroll of noise {unknown}
Potions
 c - 3 potions of might
 f - 5 potions of curing
 h - 2 potions of heal wounds
 j - a potion of mutation {unknown}
 k - a potion of flight {unknown}
 m - a potion of invisibility {unknown}
 n - a potion of degeneration {unknown}
 o - 2 potions of brilliance {unknown}
 p - a potion of lignification {unknown}
 r - a potion of haste {unknown}
 t - a potion of cancellation {unknown}


   Skills:
 + Level 5.7 Fighting
 + Level 5.7 Dodging
 + Level 5.7 Shields
 + Level 6.5 Unarmed Combat


You had 8 spell levels left.
You didn't know any spells.
Your spell library contained the following spells:

 Spells                   Type           Power      Damage    Failure   Level
 Beastly Appendage        Tmut           0%         N/A       77%         1
 Sandblast                Erth           0%         2d4       77%         1
 Passwall                 Tmut/Erth      0%         N/A       88%         2
 Wereblood                Tmut           0%         N/A       88%         2
 Spider Form              Tmut/Pois      0%         N/A       98%         3
 Stone Arrow              Conj/Erth      0%         3d7       98%         3
 Animate Armour           Summ/Erth      0%         N/A       100%        4
 Blade Hands              Tmut           0%         N/A       100%        5
 Iron Shot                Conj/Erth      0%         9d1       100%        6


Dungeon Overview and Level Annotations

Branches:
Dungeon (6/15)             Temple (1/1) D:5

Altars:
Ashenzari
Cheibriados
Dithmenos
Elyvilon
Fedhas
Gozag
Hepliaklqana
Kikubaaqudgha
Makhleb
Nemelex Xobeh
Qazlal
Ru
Trog
Vehumet
Wu Jian
Zin
The Shining One

Shops:
D:3 *


Innate Abilities, Weirdness & Mutations

You are too large for most types of armour.
You have claws for hands.
Your natural rate of healing is unusually fast.
You are covered in fur. (AC +1)
You have tough skin. (AC +1)


Message History

The orc wizard shouts!
There are monsters nearby!
There are monsters nearby!
You block the orc's attack.
You barely miss the orc. You block the orc's attack.
You closely miss the orc. You block the orc's attack.
You claw the orc!
You kill the orc!
The orc wizard casts a spell at you. The puff of flame hits you. You resist.
You scratch the orc warrior.
The orc warrior is lightly wounded.
An orc comes into view.
It is wielding a +2 flail of holy wrath and wearing the brooch of Shielding {Spirit SH+8}.
The orc warrior hits you with a +2 vorpal battleaxe!
You barely miss the orc warrior.
The orc warrior is lightly wounded.
The orc wizard casts a spell.
The orc wizard flickers and vanishes!
Deactivating autopickup; reactivate with Ctrl-A.
The orc warrior hits you with a +2 vorpal battleaxe!
You barely miss the orc warrior.
The orc warrior is lightly wounded.
The orc warrior hits you with a +2 vorpal battleaxe!!
You are too injured to fight recklessly!
You are too injured to fight recklessly!
The orc warrior attacks as you move away!
The orc warrior closely misses you.
The orc warrior attacks as you move away!
The orc warrior hits you with a +2 vorpal battleaxe!
* * * LOW HITPOINT WARNING * * *
x2 The orc warrior attacks as you move away!
The orc warrior closely misses you.
You claw the orc warrior!
The orc warrior is heavily wounded.
The orc warrior hits you with a +2 vorpal battleaxe!
* * * LOW HITPOINT WARNING * * *
x2 You scratch the orc warrior but do no damage.
The orc warrior is heavily wounded.
The orc warrior hits you with a +2 vorpal battleaxe!
You die...

.##.##.# #.# #.# #
..#..#.# #.# #.##o#
.......# #.# #..){#
..##.### ###.# #.####
.###.# #...# #.# .#
#.######.### #o#
.###..)......# #.#
.....######..######.#
####.# #.....@oo.#
.....######..######.#
...)..).............#
...)...####.#########
######.# #.# #.# #>#
#.####.# #......#
########


You could see an orc warrior and an orc.

Vanquished Creatures
  A two-headed ogre (D:5)
  Sigmund (D:4)
  Eustachio (D:4)
  Duvessa (D:6)
  A sky beast (D:5)
  A black bear (D:6)
  2 ogres
  A centaur (D:6)
  A kobold brigand (D:5)
  A bullfrog (D:5)
  A gnoll sergeant (D:6)
  A scorpion (D:5)
  Dowan (D:6)
  3 killer bees (D:5)
  A howler monkey (D:4)
  2 orc priests (D:6)
  A hound (D:4)
  2 iguanas
  Natasha (thrice) (D:3)
  An orc wizard (D:3)
  5 gnolls (D:6)
  12 adders
  A shadow imp (D:6)
  An ufetubus (D:5)
  3 worms
  2 dart slugs
  12 orcs
  6 bats (D:1)
  9 endoplasms
  A giant cockroach (D:2)
  3 hobgoblins (D:2)
  3 quokkas
  6 ball pythons
  6 frilled lizards
  8 goblins
  12 kobolds
  12 rats
129 creatures vanquished.

Notes
Turn   | Place    | Note
-------+----------+-------------------------------------------
     0 | D:1      | siradein the Troll Fighter began the quest for the Orb.
     0 | D:1      | Reached XP level 1. HP: 22/22 MP: 0/0
   174 | D:1      | Reached XP level 2. HP: 29/29 MP: 1/1
   439 | D:1      | Found a faded altar of an unknown god.
   906 | D:2      | Reached XP level 3. HP: 36/36 MP: 2/2
  1063 | D:2      | Noticed an ogre
  1088 | D:2      | Killed an ogre
  1089 | D:2      | Reached skill level 3 in Unarmed Combat
  1089 | D:2      | Reached XP level 4. HP: 45/45 MP: 3/3
  1089 | D:2      | Reached XP level 5. HP: 53/53 MP: 4/4
  1707 | D:3      | Noticed Natasha
  1709 | D:3      | Killed Natasha
  1829 | D:3      | Noticed Natasha
  1848 | D:3      | Killed Natasha
  2003 | D:3      | Noticed Natasha
  2008 | D:3      | Killed Natasha
  2009 | D:3      | Reached XP level 6. HP: 61/61 MP: 5/5
  2163 | D:3      | Found Isuuj's General Store.
  2177 | D:3      | Bought a scroll of identify for 28 gold pieces
  2585 | D:4      | Noticed Sigmund
  2617 | D:3      | Reached skill level 4 in Unarmed Combat
  2687 | D:4      | Killed Sigmund
  2688 | D:4      | Reached XP level 7. HP: 46/70 MP: 6/6
  2871 | D:4      | Noticed Eustachio
  2886 | D:4      | Killed Eustachio
  3184 | D:5      | Entered Level 5 of the Dungeon
  3407 | D:5      | Found a glowing silver altar of Zin.
  3494 | D:5      | Found a staircase to the Ecumenical Temple.
  3564 | D:5      | Noticed a two-headed ogre
  3597 | Temple   | Entered the Ecumenical Temple
  3773 | D:5      | Found a sacrificial altar of Ru.
  3778 | D:5      | Became a worshipper of Ru the Awakened
  3841 | D:5      | Found a sparkling altar of Nemelex Xobeh.
  3842 | D:5      | Found an opulent altar of Gozag.
  3891 | D:5      | Reached skill level 5 in Unarmed Combat
  3891 | D:5      | Reached XP level 8. HP: 71/79 MP: 7/7
  4161 | D:5      | Killed a two-headed ogre
  4162 | D:5      | Reached skill level 5 in Fighting
  4162 | D:5      | Reached skill level 5 in Dodging
  4162 | D:5      | Reached skill level 5 in Shields
  4459 | D:5      | Reached skill level 6 in Unarmed Combat
  4718 | D:6      | Reached XP level 9. HP: 84/88 MP: 8/8
  4772 | D:6      | Noticed Dowan
  4780 | D:6      | Noticed Duvessa
  4786 | D:6      | Killed Duvessa
  4809 | D:6      | Killed Dowan
  4929 | D:6      | Identified the +4 plate armour of the Trees {rC+ Will+}
  4968 | D:6      | Slain by an orc warrior

Illustrated notes

Levels and vault maps discovered:
D:1:      elethiomel_arrival_diamonds, layout_basic,
          hellmonk_ecumenical_altar_arch_garden, nrook_campfire
D:2:      layout_loops_ring
D:3:      layout_basic, serial_shops, nicolae_shop_trees, grunt_ministairs_11,
          uniq_natasha
D:4:      layout_rooms, uniq_eustachio, uniq_sigmund
D:5:      layout_loops_ring, grunt_temple_overflow_opulence,
          nicolae_overflow_crystal_walls, mainiacjoe_overflow_alcove_1,
          minmay_temple_entry_mist
D:6:      layout_loops_ring, uniq_duvessa, uniq_pikel, uniq_blork_the_orc
Temple:   dshaligram_water_room_temple

Skill      XL: |  1  2  3  4  5  6  7  8 |
---------------+-------------------------+-----
Fighting       | 3 4 5 |  5.7
Dodging        | 3 4 5 |  5.7
Shields        | 3 4 5 |  5.7
Unarmed Combat | 3 4 5 6 |  6.5

Action                   |  1- 3 |  4- 6 |  7- 9 || total
-------------------------+-------+-------+-------++-------
Melee: Unarmed           |   100 |   100 |   185 ||   385
Throw: Dart              |       |       |    10 ||    10
  Use: Scroll            |       |     3 |     4 ||     7
       Potion            |       |       |     1 ||     1
 Stab: Sleeping          |     4 |     1 |       ||     5
Armor: Robe              |    26 |    38 |    24 ||    88
Dodge: Dodged            |    23 |    35 |    73 ||   131
Block: Kite shield       |    36 |    39 |    95 ||   170

Table legend: (Time is in decaauts)
 A = Elapsed time spent in this place.
 B = Non-inter-level travel time spent in this place.
 C = Inter-level travel time spent in this place.
 D = Time resting spent in this place.
 E = Time spent auto-exploring this place.
 F = Levels seen in this place.
 G = Mean time per level.
                   A        B        C        D        E       F      G
               +--------+--------+--------+--------+--------+-----+--------+
         Total |   5007 |   4819 |    188 |    347 |   3243 |   7 |  715.3 |
       Dungeon |   4916 |   4728 |    188 |    347 |   3183 |   6 |  819.3 |
        Temple |     90 |     90 |      0 |      0 |     60 |   1 |   90.0 |
               +--------+--------+--------+--------+--------+-----+--------+

Top non-repeatable levels by time:
     D:5: 1182 daAuts
     D:3: 971 daAuts
     D:1: 906 daAuts
     D:2: 759 daAuts
     D:4: 620 daAuts
     D:6: 476 daAuts
  Temple: 90 daAuts
